 Dungeon Crawl Stone Soup version 0.18.1-5-g4a78601 (webtiles) character file.

2234 varam the Grappler (level 9, 0/75 HPs)
             Began as a Troll Transmuter on May 9, 2016.
             Was a Believer of Cheibriados.
             Slain by Gastronok (38 damage)
             ... on level 8 of the Dungeon.
             The game lasted 00:25:21 (6747 turns).

varam the Grappler (Troll Transmuter)               Turns: 6747, Time: 00:25:22

Health: 0/75       AC:  2    Str: 31    XL:     9   Next: 14%
Magic:  3/13       EV: 19    Int: 17    God:    Cheibriados [**....]
Gold:   391        SH:  0    Dex: 21    Spells: 4 memorised, 5 levels left

rFire  . . .     SeeInvis .       - Unarmed
rCold  . . .     Gourm    +     (armour currently unavailable)
rNeg   . . .     Faith    .     (shield currently unavailable)
rPois  x         Spirit   .     (helmet currently unavailable)
rElec  .         Dismiss  .     (cloak currently unavailable)
rCorr  .         Reflect  .     (gloves unavailable)
SustAt .         Harm     .     (boots unavailable)
MR     .....                    (no amulet)
Stlth  ++........               (no ring)
                                w - +4 ring of strength

@: spider-form (expiring), very slightly contaminated, very slow, not resistant
to hostile enchantments, unstealthy
A: unfitting armour, (claws 0), (hooves 0), fast metabolism 3, gourmand,
regeneration 2, (shaggy fur 0), (tough skin 0)
a: End Transformation, Bend Time, Renounce Religion


You were on level 8 of the Dungeon.
You worshipped Cheibriados.
Cheibriados was pleased with you.
You were very full.
You were a venomous arachnid creature.
You visited 1 branch of the dungeon, and saw 8 of its levels.

You collected 391 gold pieces.

Inventory:

Hand Weapons
 t - a +1 short sword of electrocution
Missiles
 a - 160 arrows
 i - 5 poisoned javelins (quivered)
 k - 6 tomahawks
Armour
 b - a +0 robe (melded)
 h - a +0 buckler
 q - a +0 cloak
Jewellery
 w - a +4 ring of strength (left front leg)
 A - an uncursed ring of see invisible {unknown}
 F - an uncursed amulet of harm {unknown}
 I - an uncursed ring of ice {unknown}
Wands
 y - a wand of enslavement (11/24)
 G - a wand of flame (1/48)
 H - a wand of confusion (29/48)
Scrolls
 l - 5 scrolls of magic mapping {unknown}
 r - a scroll of immolation {unknown}
 s - a scroll of fog {unknown}
 v - a scroll of recharging {unknown}
 z - a scroll of enchant weapon {unknown}
 B - a scroll of teleportation {unknown}
 C - a scroll of remove curse {unknown}
 D - 2 scrolls of fear {unknown}
 J - a scroll of summoning {unknown}
 N - a scroll of amnesia {unknown}
 O - a scroll of identify
 T - a scroll of silence {unknown}
Potions
 e - a potion of flight
 j - 3 potions of agility
 m - 3 potions of curing
 o - a potion of cancellation
 p - a potion of resistance
 u - a potion of invisibility {unknown}
 E - 2 potions of brilliance
 M - a potion of degeneration {unknown}
 P - a potion of heal wounds {unknown}
 Q - a potion of cure mutation {unknown}
 R - a potion of haste {unknown}
Books
 c - a book of Changes

   Spells                             Type                      Level
   a - Beastly Appendage              Transmutation                1
   b - Sticks to Snakes               Transmutation                2
   c - Spider Form                    Transmutation/Poison         3
   d - Ice Form                       Ice/Transmutation            4
   e - Blade Hands                    Transmutation                5
 n - a book of Frost

   Spells                             Type                      Level
   a - Freeze                         Ice                          1
   b - Throw Frost                    Conjuration/Ice              2
   c - Ozocubu's Armour               Charms/Ice                   3
   d - Throw Icicle                   Conjuration/Ice              4
   e - Summon Ice Beast               Ice/Summoning                4
 K - a book of the Sky

   Spells                             Type                      Level
   a - Summon Lightning Spire         Summoning/Air                4
   b - Airstrike                      Air                          4
   c - Silence                        Hexes/Air                    5
   d - Deflect Missiles               Charms/Air                   6
   e - Conjure Ball Lightning         Conjuration/Air              6
   f - Tornado                        Air                          9
Miscellaneous
 x - a plain deck of defence {the Banshee}
Comestibles
 d - 7 bread rations
 f - 3 beef jerkies
 g - 4 meat rations
 L - a slice of pizza


   Skills:
 - Level 0.7 Fighting
 - Level 1.5 Dodging
 * Level 9.2 Unarmed Combat
 * Level 3.5 Spellcasting
 - Level 4.0 Transmutations
 - Level 3.0 Ice Magic


You had 5 spell levels left.
You knew the following spells:

 Your Spells              Type           Power        Failure   Level  Hunger
a - Beastly Appendage     Trmt           ###...       12%         1    None
b - Sticks to Snakes      Trmt           ###.....     17%         2    ##.....
d - Ice Form              Ice/Trmt       ###.....     67%         4    ####...
z - Spider Form           Trmt/Pois      #.........   45%         3    ###....


Dungeon Overview and Level Annotations

Branches:
Dungeon (8/15)
 Temple: D:4-7         Lair: D:8-11

Altars:
Ashenzari
Cheibriados
Dithmenos
Fedhas
Kikubaaqudgha
Makhleb
Nemelex Xobeh
Pakellas
Qazlal
Vehumet
Yredelemnul

Annotations:
D:6 varam's ghost, novice TrTm
D:8 Gastronok


Innate Abilities, Weirdness & Mutations

You are too large for most types of armour.
((You have claws for hands.))
Your metabolism is lightning-fast.
You like to eat raw meat.
You heal very quickly.
((You are covered in fur (AC +1).))
((You have very tough skin (AC +2).))
((You have large cloven feet.))


Message History

Casting: Spider Form
Confirm with . or Enter, or press ? or * to list all spells.
You turn into a venomous arachnid creature.
Your +0 robe melds into your body.
Gastronok mumbles some strange words.
Gastronok puts on a burst of speed!
Gastronok waves his eye-stalks in wide circles.
The air twists around and strikes you!
Gastronok gurgles, "I'll eat you, I will!"
Gastronok bites you!!
You bite Gastronok!
Gastronok is poisoned.
Gastronok is lightly wounded.
You bite Gastronok!
Gastronok is lightly wounded.
You maul Gastronok!!
Gastronok is moderately wounded.
Your transformation is almost over.
Gastronok bites you!!!
Ouch! That really hurt!
You die...

##.## #.# #...###
#.######## ..#...#
#.##.....# .<..#.#
#.#......### .#.##.#
#.#.........
.#.##.#####.#......###
..<##..............#
.##########.#.######.#
.######## #.....sw...#
............##########
#############


You could see Gastronok.

Vanquished Creatures
  A hippogriff (D:7)
  2 sky beasts
  3 ice beasts
  An ogre (D:6)
  2 phantoms (D:4)
  A centaur (D:5)
  A big kobold (D:7)
  The ghost of ilikecats the Cudgeler, an amateur GrFi (D:3)
  2 giant frogs
  A scorpion (D:7)
  3 crimson imps
  A quasit (D:5)
  2 giant frog zombies
  5 hounds
  Crazy Yiuf (D:3)
  A jelly (D:5)
  An orc wizard (D:6)
  A giant frog skeleton (D:6)
  An iguana (D:7)
  Terence (D:3)
  Natasha (thrice) (D:3)
  4 worker ants
  2 hound skeletons
  A worker ant zombie (D:5)
  9 adders
  A shadow imp (D:7)
  2 oozes
  2 adder zombies
  4 worms
  4 dart slugs
  7 giant geckos
  15 orcs
  3 ball pythons
  3 bats
  11 giant cockroaches
  9 hobgoblins
  14 jackals
  2 quokkas (D:2)
  A giant gecko skeleton (D:7)
  4 giant newts
  7 goblins
  A jackal zombie (D:7)
  15 kobolds
  8 rats
  A spectral orc (D:3)
165 creatures vanquished.

Vanquished Creatures (collateral kills)
  An orc wizard (D:6)
  An orc (D:6)
2 creatures vanquished.

Vanquished Creatures (others)
  An orc wizard (D:6)
  A lightning spire (D:5)
  3 orcs (D:6)
  A bush (D:5)
6 creatures vanquished.

Grand Total: 173 creatures vanquished

Notes
Turn   | Place    | Note
--------------------------------------------------------------
     0 | D:1      | varam the Troll Transmuter began the quest for the Orb.
     0 | D:1      | Reached XP level 1. HP: 18/18 MP: 1/1
    33 | D:1      | Reached XP level 2. HP: 20/26 MP: 0/2
   284 | D:1      | Reached skill level 4 in Unarmed Combat
   519 | D:2      | Reached XP level 3. HP: 32/32 MP: 1/3
   543 | D:2      | Found a shattered altar of Ashenzari.
   812 | D:2      | Reached XP level 4. HP: 40/40 MP: 4/4
   838 | D:2      | Reached skill level 5 in Unarmed Combat
  1277 | D:2      | Found an ancient bone altar of Kikubaaqudgha.
  1382 | D:3      | Noticed Natasha
  1387 | D:3      | Killed Natasha
  1449 | D:3      | Noticed Crazy Yiuf
  1457 | D:3      | Killed Crazy Yiuf
  1457 | D:3      | Reached XP level 5. HP: 18/46 MP: 3/5
  1839 | D:3      | Reached skill level 6 in Unarmed Combat
  1844 | D:3      | Noticed ilikecats's ghost (amateur GrFi)
  1853 | D:3      | Killed ilikecats's ghost
  2498 | D:3      | Learned a level 2 spell: Sticks to Snakes
  2502 | D:3      | Learned a level 3 spell: Spider Form
  2519 | D:3      | Noticed Natasha
  2529 | D:3      | Killed Natasha
  2529 | D:3      | Reached XP level 6. HP: 54/54 MP: 4/7
  2702 | D:3      | Noticed Terence
  2734 | D:3      | Killed Terence
  2790 | D:3      | Found a basalt altar of Yredelemnul.
  2844 | D:3      | Noticed Natasha
  3218 | D:3      | Killed Natasha
  3556 | D:3      | Found a blossoming altar of Fedhas.
  3656 | D:3      | Found a snail-covered altar of Cheibriados.
  3672 | D:3      | Became a worshipper of Cheibriados the Contemplative
  3830 | D:5      | Entered Level 5 of the Dungeon
  4001 | D:4      | Found a sparkling altar of Nemelex Xobeh.
  4075 | D:4      | Reached XP level 7. HP: 61/61 MP: 1/9
  4461 | D:4      | Found a stormy altar of Qazlal.
  4544 | D:4      | Reached * piety under Cheibriados
  4811 | D:5      | Found a shadowy altar of Dithmenos.
  5028 | D:5      | Reached XP level 8. HP: 68/68 MP: 9/11
  5042 | D:5      | Gained mutation: You have large cloven feet. [mutagenic meat]
  5107 | D:5      | Reached skill level 7 in Unarmed Combat
  5210 | D:5      | Learned a level 4 spell: Ice Form
  5253 | D:5      | Found an oddly glowing altar of Pakellas.
  5254 | D:5      | Noticed a fire dragon
  5291 | D:5      | Found a radiant altar of Vehumet.
  5291 | D:5      | Found a burning altar of Makhleb.
  5551 | D:5      | Reached skill level 1 in Ice Magic
  5727 | D:6      | Reached ** piety under Cheibriados
  5727 | D:6      | Reached skill level 8 in Unarmed Combat
  5944 | D:6      | Noticed varam's ghost (novice TrTm)
  6301 | D:7      | Reached skill level 9 in Unarmed Combat
  6301 | D:7      | Reached XP level 9. HP: 70/75 MP: 10/13
  6737 | D:8      | Noticed Gastronok
  6747 | D:8      | Slain by Gastronok

Skill      XL: |  1  2  3  4  5  6  7  8 |
---------------+-------------------------+-----
Unarmed Combat | 4 5 6 9 |  9.2
Transmutations | 2 3 4 |  4.0
Spellcasting   | 2 3 |  3.5
Ice Magic      | 3 |  3.0
Fighting       | |  0.7
Dodging        | |  1.5

Action                   |  1- 3 |  4- 6 |  7- 9 || total
-------------------------+-------+-------+-------++-------
Melee: Unarmed           |   113 |   159 |   185 ||   457
       Kick              |     5 |    22 |    36 ||    63
       Headbutt          |     3 |     6 |    27 ||    36
       Punch             |     2 |     3 |     7 ||    12
       Short sword       |       |    43 |       ||    43
Throw: Javelin           |       |     4 |       ||     4
 Cast: Beastly Appendage |    15 |    38 |    38 ||    91
       Spider Form       |       |     1 |     8 ||     9
       Sticks to Snakes  |       |       |    13 ||    13
  Use: Scroll            |       |     1 |     3 ||     4
  Eat: Chunk             |    14 |    30 |    22 ||    66
Armor: Robe              |    45 |    58 |    40 ||   143
       Skin              |       |       |     2 ||     2
Dodge: Dodged            |    53 |   100 |    95 ||   248
